Construct Section Command Post
Construct Section Command Post
Selects Canadian Shock Battlegroup
Selects Canadian Shock Battlegroup
Selects Canadian Shock Section
Construct Platoon Command Post
Construct Field Infirmary
Selects Incendiary Munitions
6-pounder Anti-tank Gun Team
Construct Company Command Post
Unlock Bishop Self-propelled Artillery
Bishop Self-propelled Artillery
Selects Churchill Crocodile Heavy Tank
Churchill Crocodile Heavy Tank
Unlock Towed 17-pounder Anti-tank Guns
17-pounder Anti-tank Gun Team
Bishop Self-propelled Artillery
Unlock M3 Grant Medium Tanks